 Dungeon Sprint DCSS version 0.30-a0-956-gcec3b41aec (webtiles) character file.

Game seed: 10021011404122815683

1482 Parcival the Protected (level 8, -21/83 HPs)
             Began as a Minotaur Fighter on Mar 29, 2023.
             Was a Priest of Makhleb.
             Demolished by a skeletal warrior
             ... wielding a +0 battleaxe
              (24 damage)
             ... in the Dungeon (Sprint IX: "|||||||||||||||||||||||||||||").
             The game lasted 00:02:22 (441 turns).

Parcival the Protected (Minotaur Fighter)            Turns: 441, Time: 00:02:22

Health: -21/83     AC: 15    Str: 27    XL:     8   Next: 50%
Magic:  7/7        EV:  8    Int:  8    God:    Makhleb [***...]
Gold:   0          SH:  0    Dex:  9    Spells: 7/7 levels left

rFire   . . .      SeeInvis .    n - +2 dire flail (heavy)
rCold   . . .      Faith    .    (shield currently unavailable)
rNeg    . . .      Spirit   .    p - +0 plate armour
rPois   .          Reflect  .    (helmet restricted)
rElec   .          Rampage  .    (no cloak)
rCorr   .          NoTele   +    (no gloves)
Will    .....                    (no boots) Stlth
                                 (no amulet)
HPRegen 0.33/turn                c - +3 ring of intelligence
MPRegen 0.10/turn                o - +3 ring of strength

@: on berserk cooldown, hasted and slowed
A: horns 2, retaliatory headbutt
a: Renounce Religion, Minor Destruction, Lesser Servant of Makhleb


You were in the Dungeon.
You worshipped Makhleb.
Makhleb was most pleased with you.
You visited 1 branch

Inventory:

Hand Weapons
 a - a +0 war axe
 n - a +2 heavy dire flail (weapon)
Armour
 b - a +0 scale mail
 p - a +0 plate armour (worn)
Jewellery
 c - a +3 ring of intelligence (left hand)
 o - a +3 ring of strength (right hand)
Wands
 m - a wand of roots (10)
Scrolls
 j - 2 scrolls of blinking
 l - 2 scrolls of amnesia
Potions
 e - 4 potions of curing
 h - 4 potions of magic
 k - a potion of invisibility


   Skills:
 + Level 12.1 Fighting
 + Level 12.1(12.6) Axes
 + Level 5.7(9.7) Maces & Flails
 + Level 12.2 Armour
 + Level 1.6 Dodging
 + Level 9.2 Shields


You had 7 spell levels left.
You didn't know any spells.
Your spell library was empty.

Dungeon Overview and Level Annotations

Branches:
Dungeon (1/1)

Altars:
Cheibriados
Dithmenos
Elyvilon
Fedhas
Gozag
Hepliaklqana
Kikubaaqudgha
Makhleb
Nemelex Xobeh
Okawaru
Qazlal
Ru
Sif Muna
Trog
Uskayaw
Vehumet
Wu Jian
Xom
Yredelemnul
Zin
The Shining One
Jiyva
Lugonu


Innate Abilities, Weirdness & Mutations

You have a pair of horns on your head.
You reflexively headbutt those who attack you in melee.


Message History

Makhleb accepts your kill.
You feel sick.
The vampire mosquito closely misses you.
The vampire mosquito bites you.
The vampire mosquito draws strength from your injuries!
The vampire mosquito closely misses you.
Your Armour skill increases to level 12!
You hit the vampire mosquito but do no damage.
You feel sick. The vampire mosquito bites you.
The vampire mosquito draws strength from your injuries!
The vampire mosquito bites you but does no damage.
The vampire mosquito bites you.
The vampire mosquito draws strength from your injuries!
The vampire mosquito bites you but does no damage.
You bludgeon the vampire mosquito!! You headbutt the vampire mosquito!
You destroy the vampire mosquito!
Makhleb accepts your kill.
You can now summon a lesser servant of Makhleb.
You feel sick.
The skeletal warrior hits you with a +0 battleaxe!!
Your Fighting skill increases to level 12!
Your Axes skill increases to level 12!
You closely miss the skeletal warrior.
Your headbutt misses the skeletal warrior.
You feel sick.
You are no longer poisoned.
The skeletal warrior hits you with a +0 battleaxe.
* * * LOW HITPOINT WARNING * * *
The skeletal warrior hits you with a +0 battleaxe!
* * * LOW HITPOINT WARNING * * *
You feel much better.
The skeletal warrior closely misses you.
The skeletal warrior hits you with a +0 battleaxe!
* * * LOW HITPOINT WARNING * * *
You feel yourself speed up.
The skeletal warrior hits you with a +0 battleaxe!!
* * * LOW HITPOINT WARNING * * *
You closely miss the skeletal warrior.
The skeletal warrior hits you with a +0 battleaxe!!
You die... ▓▓▓▓▓▓▓▓▓▓▓▓▓▓▓▓▓▓▓▓▓▓▓▓ .....cz@...))†...[[.)..' ▓▓▓▓▓▓▓▓▓▓▓▓▓▓▓▓▓▓▓▓▓▓▓▓

You could see a skeletal warrior and a centaur warrior.

Vanquished Creatures
  An ugly thing (D)
  A troll (D)
  A wyvern (D)
  2 vampire mosquitoes (D)
  An acid dragon (D)
  A black bear (D)
  A centaur (D)
  A gnoll sergeant (D)
  A killer bee (D)
  A howler monkey (D)
  A hound (D)
  A shadow imp (D)
  A white imp (D)
  2 dart slugs (D)
  An endoplasm (D)
  A giant cockroach (D)
  2 kobolds (D)
20 creatures vanquished.

Notes
Turn   | Place    | Note
-------+----------+-------------------------------------------
     0 | D        | Parcival the Minotaur Fighter began the quest for the Orb.
     0 | D        | Reached XP level 1. HP: 19/19 MP: 0/0
    48 | D        | Noticed a black bear
    48 | D        | Noticed a hound
    50 | D        | Reached skill level 5 in Armour
    50 | D        | Reached XP level 2. HP: 28/28 MP: 1/1
    56 | D        | Reached skill level 5 in Fighting
    62 | D        | Reached skill level 5 in Shields
    62 | D        | Reached XP level 3. HP: 30/37 MP: 2/2
    66 | D        | Killed a black bear
    67 | D        | Reached XP level 4. HP: 23/47 MP: 3/3
    67 | D        | Reached XP level 5. HP: 25/52 MP: 4/4
   167 | D        | Found a snail-covered altar of Cheibriados.
   167 | D        | Found a shadowy altar of Dithmenos.
   167 | D        | Found a white marble altar of Elyvilon.
   167 | D        | Found a blossoming altar of Fedhas.
   167 | D        | Found an opulent altar of Gozag.
   168 | D        | Found a hazy altar of Hepliaklqana.
   169 | D        | Found a viscous altar of Jiyva.
   170 | D        | Found an ancient bone altar of Kikubaaqudgha.
   171 | D        | Found a corrupted altar of Lugonu.
   172 | D        | Found a burning altar of Makhleb.
   173 | D        | Found a sparkling altar of Nemelex Xobeh.
   174 | D        | Found an iron altar of Okawaru.
   175 | D        | Found a stormy altar of Qazlal.
   176 | D        | Found a sacrificial altar of Ru.
   177 | D        | Found a shimmering blue altar of Sif Muna.
   178 | D        | Found a bloodstained altar of Trog.
   179 | D        | Found a hide-covered altar of Uskayaw.
   180 | D        | Found a radiant altar of Vehumet.
   181 | D        | Found an ornate altar of the Wu Jian Council.
   182 | D        | Found a shimmering altar of Xom.
   183 | D        | Found a basalt altar of Yredelemnul.
   184 | D        | Found a glowing silver altar of Zin.
   185 | D        | Found a glowing golden altar of the Shining One.
   216 | D        | Became a worshipper of Makhleb the Destroyer
   277 | D        | Noticed a troll
   277 | D        | Noticed a wyvern
   277 | D        | Noticed a centaur
   290 | D        | Killed a centaur
   290 | D        | Reached * piety under Makhleb
   291 | D        | Reached skill level 1 in Maces & Flails
   291 | D        | Reached XP level 6. HP: 42/62 MP: 5/5
   293 | D        | Reached skill level 1 in Dodging
   294 | D        | Killed a wyvern
   295 | D        | Reached skill level 10 in Armour
   299 | D        | Killed a troll
   299 | D        | Reached ** piety under Makhleb
   300 | D        | Reached skill level 10 in Fighting
   300 | D        | Reached skill level 10 in Axes
   300 | D        | Reached XP level 7. HP: 36/73 MP: 6/6
   421 | D        | Noticed a centaur warrior
   421 | D        | Noticed a skeletal warrior
   421 | D        | Noticed a vampire mosquito
   421 | D        | Noticed a green ugly thing
   421 | D        | Noticed a vampire mosquito
   432 | D        | Killed a green ugly thing
   433 | D        | Reached XP level 8. HP: 82/82 MP: 7/7
   434 | D        | Reached skill level 5 in Maces & Flails
   437 | D        | Reached *** piety under Makhleb
   440 | D        | HP: 3/83 [skeletal warrior/+0 battleaxe (19)]
   441 | D        | Demolished by a skeletal warrior

Illustrated notes

Levels and vault maps discovered:
D:        linesprint [early_d, line_temple, items_1, d_10, items_2, lair_1,
          lair_end, items_3, orc_1, orc_end, items_4, d_15, swamp_1, shoals_1,
          snake_1, spider_1, d_20, vaults_1, items_5, swamp_end, shoals_end,
          snake_end, spider_end, vaults_end, d_27, items_6, zot_1, zot_end,
          crypt_end, forest_end, elf_end, slime_end, tomb_end, abyss_end,
          pan_hell_end]

Skill      XL: |  1  2  3  4  5  6  7  8 |
---------------+-------------------------+-----
Fighting       | 4 5 7 8 10 11 12 | 12.1
Armour         | 5 6 7 9 10 11 12 | 12.2
Shields        | 4 5 6 7 8 9 |  9.2
Axes           | 3 4 6 8 10 11 12 | 12.1
Maces & Flails | 1 3 4 5 |  5.7
Dodging        | 1 |  1.6

Action                     |  1- 3 |  4- 6 |  7- 9 || total
---------------------------+-------+-------+-------++-------
  Melee: War axe           |    28 |       |       ||    28
         Headbutt          |     1 |     3 |     5 ||     9
         Dire flail        |       |    16 |    17 ||    33
    Use: Potion            |       |     4 |     3 ||     7
 Armour: Scale mail        |    13 |       |       ||    13
         Plate armour      |       |    28 |     7 ||    35
  Dodge: Dodged            |    13 |    19 |     4 ||    36
  Block: Buckler           |     2 |       |       ||     2

Table legend: (Time is in decaauts)
 A = Elapsed time spent in this place.
 B = Non-inter-level travel time spent in this place.
 C = Inter-level travel time spent in this place.
 D = Time resting spent in this place.
 E = Time spent auto-exploring this place.
 F = Levels seen in this place.
 G = Mean time per level.
                   A        B        C        D        E       F      G
               +--------+--------+--------+--------+--------+-----+--------+
         Total |    464 |    464 |      0 |     27 |    224 |   1 |  464.0 |
       Dungeon |    464 |    464 |      0 |     27 |    224 |   1 |  464.0 |
               +--------+--------+--------+--------+--------+-----+--------+

Top non-repeatable levels by time:
       D: 464 daAuts
